 Dungeon Crawl Stone Soup version 0.32-a0-673-g3729bd50f8 (webtiles) character file.

Game seed: 16530026672926802813

8282 jestert79 the Cleaver (level 11, -8/80 HPs)
             Began as a Coglin Artificer on Mar 10, 2024.
             Was a High Priest of Elyvilon.
             Mangled by a boulder beetle (17 damage)
             ... on level 10 of the Dungeon.
             The game lasted 00:21:37 (8987 turns).

jestert79 the Cleaver (Coglin Artificer)            Turns: 8987, Time: 00:21:37

Health: -8/80      AC: 17    Str: 16    XL:     11   Next: 28%
Magic:  11/11      EV:  8    Int: 12    God:    Elyvilon [*****.]
Gold:   626        SH:  0    Dex: 14    Spells: 10/10 levels left

rFire   . . .        A - +5 war axe {Wilhemina}
rCold   . . .        u - +8 hammer "Qatzaup" {flame, rN+}
rNeg    + . .        w - +0 chain mail
rPois   .            j - +1 helmet
rElec   .            e - +1 cloak
rCorr   .            t - +0 pair of gloves
SInv    .            p - +0 pair of boots
Will    .....        (amulet unavailable) Stlth
                     (ring unavailable)
HPRegen 0.33/turn    (ring unavailable)
MPRegen 0.12/turn    (no gizmo)

%: no passive effects
@: slowed, revved, very slow
A: off-hand wielding, slow wielding, warmup strikes, no jewellery
a: Invent Gizmo, Renounce Religion, Purification, Heal Other, Heal Self, Divine
Vigour


You were on level 10 of the Dungeon.
You worshipped Elyvilon.
Elyvilon was extremely pleased with you.
You visited 1 branch of the dungeon, and saw 10 of its levels.

You collected 626 gold pieces.

Inventory:

Hand Weapons
 i - a +0 war axe
 u - the +8 hammer "Qatzaup" (offhand) {flame, rN+}
   (You found it on level 4 of the Dungeon)

   rN+:       It protects you from negative energy.
 A - a +5 war axe (weapon) {Wilhemina}
Missiles
 m - 28 poisoned darts (quivered)
Armour
 e - a +1 cloak (worn)
 j - a +1 helmet (worn)
 p - a +0 pair of boots (worn)
 t - a +0 pair of gloves (worn)
 w - a +0 chain mail (worn)
Wands
 c - a wand of flame (8)
 d - a wand of charming (18)
 s - a wand of polymorph (1)
 x - a wand of iceblast (9)
Scrolls
 b - a scroll of fear
 f - a scroll of vulnerability
 g - a scroll of amnesia
 o - a scroll of teleportation
 v - a scroll of enchant weapon
 z - a scroll of fog
 C - 2 scrolls of blinking
Potions
 a - a potion of degeneration
 h - 3 potions of haste
 k - a potion of enlightenment
 l - a potion of ambrosia
 n - 2 potions of heal wounds
 q - 3 potions of curing
 r - 3 potions of lignification
 B - a potion of attraction
 D - a potion of mutation


   Skills:
 + Level 5.6 Fighting
 * Level 14.0 Axes
 - Level 1.6(8.4) Maces & Flails
 + Level 6.5 Armour
 - Level 3.0 Dodging
 - Level 0.7 Stealth
 - Level 4.0 Evocations


You had 10 spell levels left.
You didn't know any spells.
Your spell library contained the following spells:

 Spells                   Type           Power      Damage    Failure   Level
 Call Imp                 Summ           0%         N/A       99%         2
 Sublimation of Blood     Necr           0%         N/A       99%         2
 Vhi's Electric Charge    Tloc/Air       0%         N/A       100%        4
 Arcjolt                  Conj/Air       0%         1d10      100%        5
 Plasma Beam              Fire/Air       0%         2x1d10    100%        6
 Summon Hydra             Summ           0%         N/A       100%        7


Dungeon Overview and Level Annotations

Branches:
Dungeon (10/15)            Temple (0/1) D:6            Lair (0/5) D:10
    Orc: D:9-12

Altars:
Ashenzari
Cheibriados
Dithmenos
Elyvilon
Fedhas
Nemelex Xobeh
Qazlal
Uskayaw
Vehumet
Wu Jian
Yredelemnul

Shops:
D:2 (

Annotations:
D:5 3 runed translucent doors, ASSMAN's ghost, novice DsBe; CougarLife's ghost, novice GrEE; Esekla's ghost, weakling OpDe; backslashecho's ghost, novice DsFi; occam's ghost, amateur CoHu
D:8 1 runed translucent door


Innate Abilities, Weirdness & Mutations

You can wield a second weapon in your off-hand.
It takes a long time for you to wield or remove held weapons.
Your first few attacks do less damage.
You cannot equip rings or amulets.


Message History

You hit the boulder beetle but do no damage.
The boulder beetle bites you but does no damage.
The boulder beetle bites you!
You hit the boulder beetle but do no damage.
The boulder beetle is lightly wounded.
You hit the boulder beetle but do no damage.
The boulder beetle closely misses you.
Unknown command.
You sock the boulder beetle with the +8 hammer "Qatzaup"!
You burn the boulder beetle.
The boulder beetle is moderately wounded.
You slash the boulder beetle with your +5 war axe!
The boulder beetle bites you!
* * * LOW HITPOINT WARNING * * *
Unknown command.
You hit the boulder beetle but do no damage.
The boulder beetle is heavily wounded.
You sock the boulder beetle with the +8 hammer "Qatzaup"!
You burn the boulder beetle.
The boulder beetle bites you but does no damage.
The boulder beetle closely misses you.
Unknown command.
You sock the boulder beetle with the +8 hammer "Qatzaup"!
You burn the boulder beetle.
The boulder beetle is almost dead.
You hit the boulder beetle but do no damage.
The boulder beetle closely misses you.
Unknown command.
You hit the boulder beetle with the +8 hammer "Qatzaup".
You burn the boulder beetle.
The boulder beetle is almost dead.
You hit the boulder beetle with your +5 war axe.
The boulder beetle bites you!
* * * LOW HITPOINT WARNING * * *
Unknown command.
You hit the boulder beetle but do no damage.
The boulder beetle is almost dead.
You hit the boulder beetle but do no damage.
The boulder beetle closely misses you. The boulder beetle bites you!
You die...

.....##...##.......... #
#..#....#.#..†.##....~....
.
.........................
# ..............†..#......
.......................
............##).......
......#....#'########
#.#####.####.####
####<[...B@## #....#
#...........#
####'########
#...........# #..........
#...........# +..........
#...........# #........†.
#...)....$..# #........(.
#...........# #..........
#.......?...# #..........
#(..........# #.........(


You could see a boulder beetle.

Vanquished Creatures
  Pikel (D:4)
  A rime drake (D:10)
  A polar bear (D:10)
  2 trolls (D:10)
  Grinder (D:3)
  2 hornets (D:9)
  Prince Ribbit (D:6)
  Sigmund (D:2)
  2 wraiths
  4 wyverns
  A shadow (D:10)
  8 yaks (D:9)
  A steam dragon (D:9)
  3 water moccasins
  An acid dragon (D:10)
  3 orc warriors
  3 ice beasts
  A black bear (D:6)
  4 ogres
  A wolf (D:10)
  A centaur (D:9)
  A lemure (D:4)
  A kobold brigand (D:7)
  4 bullfrogs
  A gnoll sergeant (D:7)
  4 scorpions
  3 wights (D:8)
  Dowan (D:4)
  5 howler monkeys
  4 bombardier beetles
  A hound (D:6)
  5 orc priests
  2 jellies
  A sleepcap (D:5)
  2 iguanas
  11 orc wizards
  13 gnolls
  12 adders
  A shadow imp (D:6)
  2 ufetubi (D:5)
  A dart slug (D:1)
  5 ribbon worms
  22 orcs
  8 endoplasms
  2 giant cockroaches
  3 goblins
  4 hobgoblins
  13 kobolds
  6 quokkas
  3 ball pythons
  4 bats
  A frilled lizard (D:1)
  A goblin zombie (D:8)
  A kobold skeleton (D:8)
  A kobold zombie (D:8)
  6 rats
198 creatures vanquished.

Vanquished Creatures (others)
  A lemure (D:4)
1 creature vanquished.

Grand Total: 199 creatures vanquished

Notes
Turn   | Place    | Note
-------+----------+-------------------------------------------
     0 | D:1      | jestert79 the Coglin Artificer began the quest for the Orb.
     0 | D:1      | Reached XP level 1. HP: 15/15 MP: 1/1
   105 | D:1      | Reached skill level 1 in Maces & Flails
   193 | D:1      | Reached XP level 2. HP: 21/21 MP: 2/2
   669 | D:1      | Found a faded altar of an unknown god.
   784 | D:1      | Reached skill level 1 in Axes
   878 | D:1      | Prayed at the altar of an unknown god.
   878 | D:1      | Became a worshipper of Elyvilon the Healer
   878 | D:1      | Reached * piety under Elyvilon
   932 | D:2      | Reached XP level 3. HP: 15/26 MP: 3/3
  1081 | D:2      | Reached skill level 2 in Axes
  1102 | D:2      | Reached XP level 4. HP: 19/32 MP: 4/4
  1219 | D:2      | Found Reruroiw's Antique Weapon Shop.
  1236 | D:2      | Noticed Sigmund
  1241 | D:2      | Killed Sigmund
  1242 | D:2      | Reached skill level 5 in Axes
  1242 | D:2      | Reached XP level 5. HP: 37/37 MP: 5/5
  1242 | D:2      | Reached XP level 6. HP: 43/43 MP: 6/6
  1484 | D:2      | Reached ** piety under Elyvilon
  1623 | D:3      | Noticed Grinder
  1630 | D:3      | Paralysed by Grinder for 4 turns
  1645 | D:3      | Killed Grinder
  1646 | D:3      | Reached skill level 6 in Axes
  1646 | D:3      | Reached XP level 7. HP: 20/48 MP: 7/7
  2199 | D:3      | Reached skill level 7 in Axes
  2206 | D:3      | Noticed Terence
  2208 | D:3      | Terence changed into Terence the bombardier beetle
  2208 | D:3      | Noticed Terence
  2225 | D:3      | Killed Terence the bombardier beetle
  2660 | D:4      | Noticed Duvessa
  2660 | D:4      | Noticed Dowan
  2665 | D:4      | Duvessa changed into Duvessa the orc
  2665 | D:4      | Noticed Duvessa
  2679 | D:4      | Killed Duvessa the orc
  2686 | D:4      | Killed Dowan
  2917 | D:4      | Found a hide-covered altar of Uskayaw.
  3053 | D:4      | Reached *** piety under Elyvilon
  3183 | D:4      | Found a runed translucent door.
  3184 | D:4      | Noticed Crazy Yiuf
  3376 | D:4      | Noticed Pikel
  3414 | D:4      | Was placed under penance by Elyvilon
  3461 | D:4      | Killed Pikel
  3462 | D:4      | Reached skill level 8 in Axes
  3462 | D:4      | Reached XP level 8. HP: 27/54 MP: 8/8
  3684 | D:4      | Crazy Yiuf changed into Crazy Yiuf the jelly
  3684 | D:4      | Noticed Crazy Yiuf
  3687 | D:4      | Killed Crazy Yiuf the jelly
  3696 | D:4      | Identified the +8 hammer "Qatzaup" {flame, rN+}
  3744 | D:5      | Entered Level 5 of the Dungeon
  3784 | D:5      | Reached skill level 9 in Axes
  4032 | D:5      | Found a runed translucent gate.
  4032 | D:5      | Found a runed translucent gate.
  4033 | D:5      | Found a runed translucent gate.
  4033 | D:5      | Noticed Esekla's ghost (weakling OpDe)
  4033 | D:5      | Noticed occam's ghost (amateur CoHu)
  4034 | D:5      | Noticed backslashecho's ghost (novice DsFi)
  4034 | D:5      | Noticed ASSMAN's ghost (novice DsBe)
  4035 | D:5      | Noticed CougarLife's ghost (novice GrEE)
  4419 | D:5      | Reached skill level 10 in Axes
  4440 | D:5      | Reached XP level 9. HP: 59/59 MP: 9/9
  4640 | D:6      | Found a snail-covered altar of Cheibriados.
  4839 | D:6      | Noticed Prince Ribbit
  4852 | D:6      | Killed Prince Ribbit
  4853 | D:6      | Reached skill level 11 in Axes
  4919 | D:6      | Was forgiven by Elyvilon
  5056 | D:6      | Found a staircase to the Ecumenical Temple.
  5354 | D:6      | Found a shadowy altar of Dithmenos.
  5354 | D:6      | Found a sparkling altar of Nemelex Xobeh.
  5362 | D:6      | Found a faded altar of an unknown god.
  5364 | D:6      | Found a radiant altar of Vehumet.
  5367 | D:6      | Found a faded altar of an unknown god.
  5547 | D:7      | Reached skill level 1 in Dodging
  5566 | D:7      | Found a blossoming altar of Fedhas.
  5663 | D:7      | Found a stormy altar of Qazlal.
  5839 | D:7      | Reached **** piety under Elyvilon
  5952 | D:7      | Reached skill level 12 in Axes
  6570 | D:8      | Found a runed translucent door.
  6573 | D:8      | Found a basalt altar of Yredelemnul.
  6665 | D:8      | Reached XP level 10. HP: 67/68 MP: 10/10
  7078 | D:9      | Reached skill level 5 in Armour
  7197 | D:9      | Found an ornate altar of the Wu Jian Council.
  7447 | D:9      | Reached skill level 13 in Axes
  7597 | D:9      | Reached ***** piety under Elyvilon
  8305 | D:10     | Entered Level 10 of the Dungeon
  8308 | D:10     | Noticed a boulder beetle
  8366 | D:10     | Reached XP level 11. HP: 61/78 MP: 11/11
  8446 | D:10     | Found a broken altar of Ashenzari.
  8485 | D:10     | Reached skill level 5 in Fighting
  8948 | D:10     | Found a staircase to the Lair.
  8972 | D:10     | Reached skill level 14 in Axes
  8987 | D:10     | Mangled by a boulder beetle

Illustrated notes

Levels and vault maps discovered:
D:1:      lightli_arrival_maybe_door_vault, layout_loops_ring,
          nicolae_ecumenical_snake_handling, moated_statue
D:2:      layout_rooms, serial_shops, nicolae_shop_tiny_real_fake_doors,
          minmay_heptomino_o4, uniq_sigmund
D:3:      layout_rooms, uniq_grinder, uniq_terence
D:4:      layout_basic, nicolae_uskayaw_murder_on_the_dancefloor, uniq_duvessa,
          uniq_crazy_yiuf_cottage, uniq_pikel
D:5:      layout_basic, gammafunk_ghost_cemetery
D:6:      layout_rooms, kennysheep_mini, chequers_temple_overflow_minitemple,
          minmay_temple_entry_poolview, minmay_misc_feat_iff,
          uniq_prince_ribbit1
D:7:      layout_gridville, fedhas_ov_isle_minmay, mainiacjoe_overflow_catwalk,
          dreamdust_wishing_well, dk_rats_in_the_wall
D:8:      layout_cave_pools, dk_yredelemnul_ordeal, lemuel_flame_loot_1
D:9:      layout_rooms, nzn_wu_jian_council_hall, hangedman_decor_lopped
D:10:     layout_roguey, lemuel_doored_altar, hellmonk_lair_entry_icy,
          orc_0_dummy, david_defended_altar_orc

Skill      XL: |  1  2  3  4  5  6  7  8  9 10 11 |
---------------+----------------------------------+-----
Maces & Flails | 1 |  1.6
Axes           | 1 2 5 6 8 10 12 13 14 | 14.0
Armour         | 3 4 6 |  6.5
Dodging        | 2 3 |  3.0
Fighting       | 2 4 5 |  5.6
Stealth        | |  0.7
Evocations     | |  4.0

Action                     |  1- 3 |  4- 6 |  7- 9 | 10-12 || total
---------------------------+-------+-------+-------+-------++-------
  Melee: Dagger            |    72 |    57 |     4 |       ||   133
         Club              |    32 |       |       |       ||    32
         Hand axe          |    43 |    59 |   161 |       ||   263
         Flail             |       |       |    52 |       ||    52
         Mace              |       |       |   115 |   139 ||   254
         War axe           |       |       |    77 |   136 ||   213
  Throw: Dart              |       |       |    16 |    12 ||    28
  Evoke: Wand              |       |     7 |    18 |       ||    25
    Use: Scroll            |       |       |    17 |     3 ||    20
   Stab: Sleeping          |     2 |       |       |       ||     2
 Armour: Leather armour    |    31 |       |       |       ||    31
         Scale mail        |     9 |    57 |    31 |       ||    97
         Chain mail        |       |       |   141 |   141 ||   282
  Dodge: Dodged            |    47 |    20 |    64 |    54 ||   185

Table legend: (Time is in decaauts)
 A = Elapsed time spent in this place.
 B = Non-inter-level travel time spent in this place.
 C = Inter-level travel time spent in this place.
 D = Time resting spent in this place.
 E = Time spent auto-exploring this place.
 F = Levels seen in this place.
 G = Mean time per level.
                   A        B        C        D        E       F      G
               +--------+--------+--------+--------+--------+-----+--------+
         Total |   8996 |   8428 |    568 |   1527 |   5207 |  10 |  899.6 |
       Dungeon |   8996 |   8428 |    568 |   1527 |   5207 |  10 |  899.6 |
               +--------+--------+--------+--------+--------+-----+--------+

Top non-repeatable levels by time:
     D:9: 1290 daAuts
     D:4: 1196 daAuts
     D:3: 982 daAuts
     D:7: 976 daAuts
     D:1: 907 daAuts
     D:6: 884 daAuts
     D:5: 877 daAuts
     D:2: 684 daAuts
    D:10: 638 daAuts
     D:8: 558 daAuts
